 Dungeon Crawl Stone Soup version 0.24-a0-201-gf205589 (webtiles) character file.

Game seed: 14456296864551461082

28 Ijustatesigmund the Cudgeler (level 3, 0/26 HPs)
             Began as an Octopode Fighter on Mar 23, 2019.
             Slain by a jackal (2 damage)
             ... on level 1 of the Dungeon.
             The game lasted 00:00:45 (275 turns).

Ijustatesigmund the Cudgeler (Octopode Fighter)      Turns: 275, Time: 00:00:47

Health: 0/26       AC:  1    Str: 20    XL:     3   Next: 12%
Magic:  3/3        EV: 11    Int: 10    God:
Gold:   44         SH:  9    Dex: 12    Spells: 2/2 levels left

rFire    + . .     SeeInvis .   a - +0 flail
rCold    + . .     Gourm    .   b - +0 shield
rNeg     . . .     Faith    .   (helmet restricted)
rPois    +         Spirit   .   (no amulet)
rElec    +         Reflect  .   (no ring)
rCorr    +         Harm     .   (no ring)
MR       .....                  (no ring)
Stlth    ++........             (no ring)
HPRegen  0.08/turn              (no ring)
MPRegen  0.08/turn              (no ring)
                                (no ring)
                                (no ring)

@: mighty, resistant
A: almost no armour, stealthy swim, amphibious, 8 rings, constrict 8, camouflage
1, gelatinous body 1
a: no special abilities


You were on level 1 of the Dungeon.
You were not hungry.

You visited 1 branch of the dungeon, and saw 1 of its levels.

You collected 44 gold pieces.

Inventory:

Hand Weapons
 a - a +0 flail (weapon)
Armour
 b - a +0 shield (worn)
Potions
 g - a potion of curing {unknown}
Comestibles
 d - a ration


   Skills:
 - Level 3.0 Fighting
 + Level 3.5 Maces & Flails
 - Level 3.0 Dodging
 - Level 3.0 Shields


You had 2 spell levels left.
You didn't know any spells.
Your spell library was empty.

Dungeon Overview and Level Annotations

Branches:
Dungeon (1/15)

Altars:


Innate Abilities, Weirdness & Mutations

You cannot wear most types of armour.
You are very stealthy in the water. (Stealth+)
You are amphibious.
You can wear up to eight rings at the same time.
You can use your tentacles to constrict eight enemies at once.
Your skin changes colour to match your surroundings (Stealth+).
Your rubbery body absorbs attacks. (AC +1, EV +1)


Message History

The jackal barks!
You block the jackal's attack. The jackal barely misses you.
The jackal bites you.
* * * LOW HITPOINT WARNING * * *
You feel very mighty all of a sudden. You block the jackal's attack.
The jackal closely misses you. The jackal misses you.
You barely miss the jackal. You grab the jackal. You squeeze the jackal.
You kill the jackal!
You block the jackal's attack. x2; The jackal bites you.
* * * LOW HITPOINT WARNING * * *
The jackal bites you.
* * * LOW HITPOINT WARNING * * *
You closely miss the jackal. Your grab misses the jackal.
The jackal is moderately wounded.
The jackal completely misses you. The jackal closely misses you.
The jackal bites you.
* * * LOW HITPOINT WARNING * * *
The jackal bites you.
You die...

#.......## ....
#.......## #..# .
#........## #..# ..
#........)###).###... .
#.......#..........# .
#....#.=#..........# #.
..
##.###....###..###...
#.# .. ##.# ##..## #..#
#.# ...#..# #.## ##@.##
#.#
...#.#####.####hh†.#
#..
............##.g##..#
#..
...#.#####.............
#.. #.....#
###.###.###...# #..
#...†.# #. .# .### #..
#..().# # .. # #..
#...(.# #### ### #..
#..#.###.... #..


You could see 2 jackals and a hobgoblin.

Vanquished Creatures
  A gnoll (D:1)
  6 bats (D:1)
  3 goblins (D:1)
  3 hobgoblins (D:1)
  2 jackals (D:1)
  2 kobolds (D:1)
17 creatures vanquished.

Notes
Turn   | Place    | Note
-------+----------+-------------------------------------------
     0 | D:1      | Ijustatesigmund the Octopode Fighter began the quest for
                  | the Orb.
     0 | D:1      | Reached XP level 1. HP: 16/16 MP: 1/1
   108 | D:1      | Reached XP level 2. HP: 16/21 MP: 2/2
   256 | D:1      | Reached XP level 3. HP: 22/26 MP: 3/3
   275 | D:1      | Slain by a jackal

Levels and vault maps discovered:
D:1:      dpeg_arrival_shelter, layout_basic, palyth_stone_intersect,
          lemuel_another_geyser

Skill      XL: |  1 |
---------------+----+-----
Maces & Flails | 3 |  3.5
Fighting       | |  3.0
Dodging        | |  3.0
Shields        | |  3.0

Action                   || total
-------------------------++-------
Melee: Flail             ||    28
       Constrict         ||    10
       Tentacles         ||     7
  Use: Potion            ||     2
       Scroll            ||     1
 Stab: Sleeping          ||     2
Armor: Skin              ||     6
Dodge: Dodged            ||    17
Block: Shield            ||    21

Table legend:
 A = Non-vault XP
 B = Vault XP
 C = Vault XP percentage of total XP
 D = Non-vault monster count
 E = Vault monster count
 F = Vault count percentage of total count
                 A         B        C        D         E       F
            +---------+---------+-------+---------+---------+-------
      Total |      40 |       0 |   0.0 |      17 |       0 |   0.0
            +---------+---------+-------+---------+---------+-------
        D:1 |      40 |       0 |   0.0 |      17 |       0 |   0.0
            +---------+---------+-------+---------+---------+-------
